 Dungeon Crawl Stone Soup version 0.18-b1-18-g7758cf2 (webtiles) character file.

75068 Wooh the Warrior (level 15, -1/144 HPs)
             Began as a Ghoul Gladiator on May 2, 2016.
             Was the Champion of Cheibriados.
             Slain by an eight-headed hydra (8 damage)
             ... on level 8 of the Lair of Beasts.
             The game lasted 01:55:25 (21023 turns).

Wooh the Warrior (Ghoul Gladiator)                 Turns: 21023, Time: 01:55:27

Health: -1/144     AC: 20    Str: 38    XL:     15   Next: 48%
Magic:  18/18      EV: 26    Int: 18    God:    Cheibriados [******]
Gold:   1583       SH:  0    Dex: 29    Spells: 0 memorised, 14 levels left

rFire  . . .     SeeInvis .     U - +0 arbalest
rCold  + + .     Gourm    .     L - +3 chain mail of Yvykuf {Dex+2}
rNeg   + + +     Faith    .     (shield currently unavailable)
rPois  ∞         Spirit   .     T - +2 hat
rElec  .         Dismiss  .     x - +2 cloak {MR+}
rCorr  .         Reflect  .     (no gloves)
SustAt .         Harm     +     J - +0 pair of boots
MR     ++...                    m - amulet of harm
Stlth  ..........               n - ring of protection from cold
                                R - +4 ring of evasion

@: about to teleport, rotting, very slow, very resistant to hostile
enchantments, extremely unstealthy
A: rotting body, claws 1, carnivore 3, cold resistance 1, negative energy
resistance 3, slow regeneration 1, torment resistance, unbreathing
a: Bend Time, Temporal Distortion, Slouch, Step From Time, Renounce Religion


You were on level 8 of the Lair of Beasts.
You worshipped Cheibriados.
Cheibriados was exalted by your worship.
You were not hungry.

You visited 3 branches of the dungeon, and saw 21 of its levels.

You collected 2115 gold pieces.
You spent 532 gold pieces at shops.

Inventory:

Hand Weapons
 U - a +0 arbalest (weapon)
Missiles
 c - 10 throwing nets
 q - 99 bolts (quivered)
Armour
 u - the +1 leather armour "Vorphug" {rElec rN+ Int+3}
   (You bought it in a shop on level 2 of the Orcish Mines)

   It affects your intelligence (+3).
   It insulates you from electricity.
   It protects you from negative energy.
 x - a +2 cloak of magic resistance (worn)
 J - a +0 pair of boots (worn)
 L - the +3 chain mail of Yvykuf (worn) {Dex+2}
   (You found it on level 3 of the Lair of Beasts)

   It affects your dexterity (+2).
 T - a +2 hat (worn)
Jewellery
 l - an uncursed ring of flight
 m - an amulet of harm (around neck)
 n - a ring of protection from cold (right claw)
 w - an uncursed ring of fire
 R - a +4 ring of evasion (left claw)
Wands
 a - a wand of disintegration (13/24)
 y - a wand of paralysis (10/24)
 B - a wand of teleportation (2/9)
 E - a wand of slowing (23/48)
 H - a wand of digging (8/24)
 P - a wand of heal wounds (4/9)
Scrolls
 e - a scroll of identify
 f - 2 scrolls of recharging
 g - 2 scrolls of magic mapping {unknown}
 h - 2 scrolls of teleportation
 j - 3 scrolls of enchant armour
 r - a scroll of blinking {unknown}
 v - 2 scrolls of enchant weapon
 D - 4 scrolls of fog
 N - a scroll of summoning {unknown}
 O - 4 scrolls of remove curse
 Q - a scroll of immolation {unknown}
 S - a scroll of torment {unknown}
Potions
 k - 2 potions of might
 p - a potion of lignification {unknown}
 s - a potion of brilliance {unknown}
 t - 2 potions of ambrosia
 A - 4 potions of flight
 C - a potion of mutation {unknown}
 F - 8 potions of curing
 G - 2 potions of cancellation
 M - 3 potions of heal wounds
 X - a potion of cure mutation {unknown}
 Z - a potion of agility {unknown}
Books
 I - a Necronomicon

   Spells                             Type                      Level
   a - Haunt                          Necromancy/Summoning         7
   b - Borgnjor's Revivification      Necromancy                   8
   c - Death's Door                   Charms/Necromancy            8
   d - Necromutation                  Transmutation/Necromancy     8
Miscellaneous
 o - a phantom mirror
Comestibles
 d - 11 meat rations
 z - 6 slices of pizza
 K - 15 beef jerkies
 W - a royal jelly


   Skills:
 - Level 16.2 Fighting
 - Level 11.5 Crossbows
 - Level 1.7 Throwing
 - Level 7.3 Armour
 + Level 11.3 Dodging
 - Level 12.1 Unarmed Combat
 - Level 5.3 Invocations


You had 14 spell levels left.
You didn't know any spells.

Dungeon Overview and Level Annotations

Branches:
Dungeon (11/15)            Temple (0/1) D:6            Lair (8/8) D:10
  Swamp (0/4) Lair:3        Snake (0/4) Lair:5        Slime (0/6) Lair:6
    Orc (2/2) D:11            Elf (0/3) Orc:2

Altars:
Ashenzari
Cheibriados
Elyvilon
Fedhas
Kikubaaqudgha
Okawaru
Qazlal
Ru
Sif Muna
Trog
Zin

Shops:
D:5 *   D:7 (   D:11 (   Orc:2 ?[[[

Annotations:
D:5 Sigmund


Innate Abilities, Weirdness & Mutations

Your body is rotting away.
You thrive on raw meat.
You are immune to poison.
You have sharp fingernails.
You are carnivorous and can eat meat at any time.
Your flesh is cold resistant.
You are immune to negative energy.
You regenerate slowly when monsters are visible.
You are immune to unholy pain and torment.
You can survive without breathing.


Message History

* * * LOW HITPOINT WARNING * * *
The eight-headed hydra misses you. x2
The eight-headed hydra barely misses you.
The eight-headed hydra misses you.
The eight-headed hydra bites you but does no damage. x2
Read which item? (? for menu, Esc to quit)
As you read the scroll of teleportation, it crumbles to dust.
You feel strangely unstable. The black mamba closely misses you.
The black mamba bites you.
* * * LOW HITPOINT WARNING * * *
The komodo dragon bites you!
* * * LOW HITPOINT WARNING * * *
The eight-headed hydra completely misses you.
The eight-headed hydra closely misses you.
The eight-headed hydra completely misses you. x2
The eight-headed hydra bites you!
* * * LOW HITPOINT WARNING * * *
The eight-headed hydra barely misses you.
The eight-headed hydra misses you. The eight-headed hydra bites you!
You die...

#.#P.......P..P.P##.P.##
##..............P######
##.#........PP...#
###........P.........#
##.........P..####.##
#..........P..#
##.......#.#...
##.?..####.#.# #.@l..#
##.## #.DS...# .
#......P.. ##..(....%
.....%%%. .....%..%
.....(.%P ..(......(


You could see an eight-headed hydra, a komodo dragon and a black mamba.

Vanquished Creatures
  Rupert (Orc:2)
  Maud (Orc:2)
  Josephine (D:11)
  The ghost of Wooh the Nimble, a journeyman DrFi of Dithmenos (D:11)
  Harold (Lair:1)
  Fannar (D:11)
  4 ogre magi (Orc:2)
  9 hydras
  5 death yaks
  3 skeletal warriors (D:11)
  An unseen horror (D:10)
  2 hill giants (D:11)
  Pikel (D:4)
  A griffon (Lair:8)
  An orc sorcerer (Orc:2)
  An oklob plant (Lair:1)
  A centaur zombie (D:11)
  22 elephants
  4 black mambas
  2 torpor snails
  14 spiny frogs
  5 rime drakes
  14 komodo dragons
  14 two-headed ogres
  Grinder (D:6)
  2 trolls
  3 slime creatures (Lair:6)
  29 blink frogs
  5 wraiths (D:11)
  2 wyverns
  31 yaks
  4 basilisks
  2 wargs (Orc:1)
  15 hippogriffs
  Eustachio (D:5)
  A naga (Lair:5)
  7 water moccasins
  19 porcupines
  10 orc warriors
  A phantom (D:8)
  2 ice beasts
  5 sky beasts
  A black bear (D:10)
  A slave (D:4)
  4 necrophages (Lair:5)
  10 wolves
  32 ogres
  7 centaurs
  13 crocodiles
  3 big kobolds
  19 giant frogs
  3 scorpions
  7 killer bees
  2 vampire bats (D:3)
  4 electric eels
  5 crimson imps
  A giant frog zombie (D:9)
  The ghost of GreamJoe the Sneak, a weakling SpAs (D:3)
  A quasit (D:11)
  Crazy Yiuf (D:7)
  A centaur skeleton (D:10)
  4 hounds
  16 orc priests
  2 gnoll shamans
  14 jellies
  11 iguanas
  14 orc wizards
  Ijyb (D:2)
  4 hell rats
  13 worker ants
  32 sheep
  A hound skeleton (D:5)
  A worker ant zombie (D:7)
  14 gnolls
  95 river rats
  10 adders
  3 shadow imps
  10 oozes
  An adder skeleton (D:5)
  5 worms
  4 dart slugs
  5 giant geckos
  65 orcs
  2 ball pythons
  14 bats
  8 giant cockroaches
  7 hobgoblins
  3 jackals (D:9)
  9 quokkas
  6 giant newts
  11 goblins
  16 kobolds
  2 quokka skeletons
  30 rats
  3 fungi
802 creatures vanquished.

Vanquished Creatures (others)
  An iguana (D:4)
  16 fungi
  14 plants
31 creatures vanquished.

Grand Total: 833 creatures vanquished

Notes
Turn   | Place    | Note
--------------------------------------------------------------
     0 | D:1      | Wooh the Ghoul Gladiator began the quest for the Orb.
     0 | D:1      | Reached XP level 1. HP: 17/17 MP: 0/0
   213 | D:1      | Reached XP level 2. HP: 20/25 MP: 1/1
   254 | D:1      | Reached skill level 3 in Fighting
   728 | D:2      | Reached XP level 3. HP: 32/32 MP: 2/2
   757 | D:2      | Noticed Ijyb
   774 | D:2      | Killed Ijyb
   774 | D:2      | Reached skill level 4 in Fighting
  1217 | D:2      | Reached XP level 4. HP: 40/40 MP: 3/3
  1327 | D:2      | Reached skill level 5 in Fighting
  1517 | D:2      | Found a stormy altar of Qazlal.
  1527 | D:2      | Found a bloodstained altar of Trog.
  1700 | D:3      | Noticed GreamJoe's ghost (weakling SpAs)
  1714 | D:3      | Killed GreamJoe's ghost
  1714 | D:3      | Reached XP level 5. HP: 50/50 MP: 4/4
  1778 | D:3      | Found an ancient bone altar of Kikubaaqudgha.
  1791 | D:3      | Reached skill level 6 in Fighting
  2090 | D:3      | Found a deep blue altar of Sif Muna.
  2437 | D:3      | Reached XP level 6. HP: 41/58 MP: 5/5
  2443 | D:3      | Reached skill level 7 in Fighting
  2760 | D:4      | Found a shattered altar of Ashenzari.
  3384 | D:4      | Noticed a slave
  3400 | D:4      | Killed a slave
  3401 | D:4      | Noticed Pikel
  3401 | D:4      | Noticed a slave
  3401 | D:4      | Noticed a slave
  3411 | D:4      | Noticed a slave
  3431 | D:4      | Killed Pikel
  3431 | D:4      | Reached XP level 7. HP: 14/65 MP: 6/6
  3683 | D:4      | Found a sacrificial altar of Ru.
  3831 | D:4      | Reached XP level 8. HP: 70/72 MP: 7/7
  3951 | D:5      | Entered Level 5 of the Dungeon
  4075 | D:5      | Found an iron altar of Okawaru.
  4075 | D:5      | Noticed Sigmund
  4660 | D:5      | Noticed Eustachio
  4670 | D:5      | Killed Eustachio
  4868 | D:5      | Found Zin's Purification Station.
  4868 | D:5      | Found a glowing silver altar of Zin.
  4946 | D:5      | Found a snail-covered altar of Cheibriados.
  4957 | D:5      | Became a worshipper of Cheibriados the Contemplative
  5225 | D:6      | Reached skill level 10 in Unarmed Combat
  5257 | D:6      | Reached XP level 9. HP: 29/79 MP: 8/8
  5366 | D:6      | Reached * piety under Cheibriados
  5564 | D:6      | Found a staircase to the Ecumenical Temple.
  5599 | D:6      | Noticed Grinder
  5611 | D:6      | Killed Grinder
  5675 | D:6      | Found a white marble altar of Elyvilon.
  6304 | D:7      | Noticed Crazy Yiuf
  6308 | D:7      | Killed Crazy Yiuf
  6383 | D:7      | Reached ** piety under Cheibriados
  6836 | D:7      | Reached skill level 1 in Armour
  6874 | D:7      | Found Kairr's Antique Weapon Shop.
  7825 | D:8      | Reached *** piety under Cheibriados
  8159 | D:8      | Reached **** piety under Cheibriados
  8464 | D:9      | Reached skill level 5 in Armour
  8464 | D:9      | Reached XP level 10. HP: 86/86 MP: 9/9
  8599 | D:9      | Found a blossoming altar of Fedhas.
  9004 | D:10     | Entered Level 10 of the Dungeon
  9004 | D:10     | Found a staircase to the Lair.
  9074 | D:10     | Reached ***** piety under Cheibriados
  9074 | D:10     | Reached skill level 1 in Crossbows
  9074 | D:10     | Reached skill level 1 in Invocations
  9273 | D:10     | Killed an unseen horror
 10044 | D:11     | Noticed Wooh's ghost (journeyman DrFi)
 10065 | D:11     | Killed Wooh's ghost
 10065 | D:11     | Reached skill level 5 in Invocations
 10065 | D:11     | Reached XP level 11. HP: 74/93 MP: 12/14
 10094 | D:11     | Noticed a hill giant
 10106 | D:11     | Killed a hill giant
 10106 | D:11     | Reached skill level 8 in Fighting
 10176 | D:11     | Noticed Fannar
 10191 | D:11     | Killed Fannar
 10466 | D:11     | Reached skill level 5 in Crossbows
 10505 | D:11     | Found Muesimu's Weapon Shop.
 10516 | D:11     | Noticed Josephine
 10518 | D:11     | Found a staircase to the Orcish Mines.
 10533 | D:11     | Killed Josephine
 10533 | D:11     | Reached skill level 9 in Fighting
 10662 | D:11     | Reached ****** piety under Cheibriados
 10912 | D:11     | Reached skill level 10 in Fighting
 10945 | D:11     | Noticed a skeletal warrior
 10945 | D:11     | Noticed a skeletal warrior
 10952 | D:11     | Killed a skeletal warrior
 10955 | D:11     | Noticed a skeletal warrior
 10955 | D:11     | Killed a skeletal warrior
 10955 | D:11     | Reached skill level 11 in Fighting
 10955 | D:11     | Reached XP level 12. HP: 28/110 MP: 15/15
 11393 | Orc:1    | Entered Level 1 of the Orcish Mines
 11890 | Orc:2    | Entered Level 2 of the Orcish Mines
 11902 | Orc:1    | Reached skill level 5 in Dodging
 11985 | Orc:2    | Found a staircase to the Elven Halls.
 11990 | Orc:2    | Noticed Maud
 11999 | Orc:2    | Killed Maud
 12398 | Orc:2    | Noticed Rupert
 12404 | Orc:2    | Paralysed by Rupert for 2 turns
 12784 | Orc:2    | Killed Rupert
 13042 | Orc:2    | Noticed an ogre mage
 13043 | Orc:2    | Noticed an ogre mage
 13043 | Orc:2    | Noticed an ogre mage
 13051 | Orc:2    | Killed an ogre mage
 13051 | Orc:2    | Killed an ogre mage
 13054 | Orc:2    | Killed an ogre mage
 13054 | Orc:2    | Reached XP level 13. HP: 55/116 MP: 10/16
 13083 | Orc:2    | Reached skill level 10 in Dodging
 13343 | Orc:2    | Found Uheum's Antique Armour Shop.
 13343 | Orc:2    | Found Kuixzimy's Armour Emporium.
 13344 | Orc:2    | Found Ciela's Armour Emporium.
 13344 | Orc:2    | Found Ykoec's Magic Scroll Boutique.
 13361 | Orc:2    | Bought a jacinth-encrusted leather armour for 231 gold pieces
 13371 | Orc:2    | Identified the +1 leather armour "Vorphug" {rElec rN+ Int+3} (You bought it in a shop on level 2 of the Orcish Mines)
 13372 | Orc:2    | Bought a +2 cloak of magic resistance for 301 gold pieces
 13671 | Lair:1   | Entered Level 1 of the Lair of Beasts
 13990 | Lair:1   | Reached skill level 12 in Fighting
 14101 | Lair:1   | Got a dazzling scale mail
 14112 | Lair:1   | Identified the +1 scale mail of the Prince {rPois} (You found it on level 1 of the Lair of Beasts)
 14755 | Lair:1   | Noticed Harold
 14765 | Lair:1   | Killed Harold
 14765 | Lair:1   | Reached skill level 13 in Fighting
 15467 | Lair:2   | Reached XP level 14. HP: 116/129 MP: 12/17
 16159 | Lair:3   | Got a twisted chain mail
 16170 | Lair:3   | Identified the +3 chain mail of Yvykuf {Dex+2} (You found it on level 3 of the Lair of Beasts)
 16641 | Lair:3   | Reached skill level 14 in Fighting
 16958 | Lair:3   | Found a staircase to the Swamp.
 17974 | Lair:5   | Reached skill level 15 in Fighting
 18255 | Lair:5   | Found a staircase to the Snake Pit.
 18970 | Lair:6   | Reached skill level 16 in Fighting
 19378 | Lair:6   | Found a staircase to the Slime Pits.
 20071 | Lair:7   | Reached XP level 15. HP: 111/143 MP: 12/18
 20126 | Lair:7   | Reached skill level 10 in Crossbows
 20852 | Lair:8   | Entered Level 8 of the Lair of Beasts
 21023 | Lair:8   | HP: 7/144 [eight-headed hydra (10)]
 21023 | Lair:8   | Slain by an eight-headed hydra

Skill      XL: |  1  2  3  4  5  6  7  8  9 10 11 12 13 14 15 |
---------------+----------------------------------------------+-----
Fighting       | 3 4 5 6 7 11 13 16 | 16.2
Unarmed Combat | 7 10 12 | 12.1
Armour         | 5 7 |  7.3
Crossbows      | 3 6 8 9 11 | 11.5
Invocations    | 5 |  5.3
Dodging        | 9 10 11 | 11.3
Throwing       | |  1.7

Action                   |  1- 3 |  4- 6 |  7- 9 | 10-12 | 13-15 || total
-------------------------+-------+-------+-------+-------+-------++-------
Melee: Unarmed           |    96 |   250 |   320 |   406 |   945 ||  2017
       Punch             |       |     3 |    11 |    37 |   103 ||   154
 Fire: Arbalest          |       |       |       |    64 |    62 ||   126
Throw: Javelin           |       |     4 |    15 |       |       ||    19
       Throwing net      |       |       |       |       |     1 ||     1
Invok: Slouch            |       |       |       |     8 |     9 ||    17
  Use: Scroll            |       |       |       |    14 |     7 ||    21
       Potion            |       |       |       |       |     1 ||     1
 Stab: Sleeping          |       |       |       |       |     3 ||     3
  Eat: Chunk             |     2 |     9 |    13 |    13 |    38 ||    75
Armor: Leather armour    |    24 |       |       |       |    12 ||    36
       Ring mail         |    10 |    89 |    68 |       |       ||   167
       Chain mail        |       |       |       |   196 |   204 ||   400
       Scale mail        |       |       |       |       |    34 ||    34
       Plate armour      |       |       |       |       |    10 ||    10
Dodge: Dodged            |    53 |   134 |   150 |   315 |  1481 ||  2133
